 Dungeon Sprint DCSS version 0.25-b1-37-g2669288c55 (webtiles) character file.

Game seed: 8676643385202605716

444 Chiseanne the Covert (level 6, -1/53 HPs)
             Began as a Demonspawn Wanderer on June 4, 2020.
             Was an Initiate of Fedhas.
             Slain by Sonja
             ... wielding a +1 dagger of distortion
              (4 damage)
             ... in the Dungeon (Sprint I: "Red Sonja").
             The game lasted 00:03:22 (551 turns).

Chiseanne the Covert (Demonspawn Wanderer)           Turns: 551, Time: 00:03:22

Health: -1/53      AC:  5    Str: 13    XL:     6   Next: 72%
Magic:  6/6        EV: 14    Int: 13    God:    Fedhas [......]
Gold:   310        SH:  0    Dex: 14    Spells: 5/5 levels left

rFire    . . .     SeeInvis .   s - +4 scythe (flame)
rCold    . . .     Gourm    .   (shield currently unavailable)
rNeg     . . .     Faith    .   n - +0 leather armour
rPois    .         Spirit   .   (no helmet)
rElec    .         Reflect  .   (no cloak)
rCorr    .         Harm     .   (no gloves)
MR       .....     NoTele   +   (no boots)
Stlth    ++++......             (no amulet)
HPRegen  0.17/turn              (no ring)
MPRegen  0.10/turn              (no ring)

@: slowed, very slow
A: molten scales 1, foul stench 2, rot immunity
a: Renounce Religion


You were in the Dungeon.
You worshipped Fedhas.
Fedhas was noncommittal.
You were not hungry.

You visited 1 branch You collected 310 gold pieces.

Inventory:

Hand Weapons
 a - a +1 dagger of speed
 s - a +4 scythe of flaming (weapon)
Missiles
 p - 2 curare-tipped darts (quivered)
Armour
 n - a +0 leather armour (worn)
Wands
 b - a wand of digging (4)
 d - a wand of disintegration (7)
Scrolls
 c - a scroll of teleportation
 l - a scroll of blinking
Potions
 i - 2 potions of haste
 j - 2 potions of magic
 k - a potion of berserk rage
Comestibles
 f - a ration
 o - 4 chunks of flesh


   Skills:
 * Level 6.5 Fighting
 - Level 1.0 Short Blades
 - Level 2.2 Polearms
 - Level 7.6 Throwing
 + Level 0.0 Armour
 * Level 5.1 Dodging
 - Level 8.2 Stealth
   Level 1.0 Shields
   Level 2.0 Conjurations
   Level 1.0 Hexes
 * Level 0.0 Invocations
 * Level 0.0 Evocations


You had 5 spell levels left.
You didn't know any spells.
Your spell library was empty.

Dungeon Overview and Level Annotations

Branches:
Dungeon (1/1)

Altars:
Cheibriados
Dithmenos
Elyvilon
Fedhas
Gozag
Hepliaklqana
Kikubaaqudgha
Nemelex Xobeh
Okawaru
Qazlal
Ru
Sif Muna
Trog
Uskayaw
Vehumet
Wu Jian
Yredelemnul
Zin
The Shining One

Shops:
D }

Annotations:
D Sonja


Innate Abilities, Weirdness & Mutations

You are partially covered in molten scales. (AC +2)
You frequently emit foul miasma when damaged in melee.
You are immune to rotting.


Message History

Sonja zaps a wand.
You resist with some effort.
You see here 27 gold pieces.
You completely miss Sonja.
Sonja is heavily wounded.
Sonja zaps a wand.
You resist with some effort.
Sonja zaps a wand.
You resist with some effort.
Sonja twirls her cape.
Sonja zaps a wand.
You resist with some effort.
You completely miss Sonja.
Sonja is severely wounded.
Sonja says, "Someone hired me to kill you, but I'm not supposed to say who."
Sonja hits you with a +1 dagger of distortion.
Space warps horribly around you!!
* * * LOW HITPOINT WARNING * * *
Sonja barely misses you.
Sonja hits you with a +1 dagger of distortion.
* * * LOW HITPOINT WARNING * * *
Space bends around you.
You die...
Fedhas appreciates your contribution to the ecosystem.

#..#####'#####'#
#.)####..#...#.#
#..#__####..##.#
#..#_____##'#_.+
#⌠⌠#_.∩..÷((.._#
####_..__##_.#'#
#_____###'#.#
#########K###
+$.@+ #$.$#
##.## #+#


You could see Sonja (strong, poisoned, slow, sick).

Vanquished Creatures
  Sigmund (D)
  A yak (D)
  An ogre (D)
  A jelly (D)
  Ijyb (D)
5 creatures vanquished.

Vanquished Creatures (others)
  A gargoyle (D)
1 creature vanquished.

Grand Total: 6 creatures vanquished

Notes
Turn   | Place    | Note
-------+----------+-------------------------------------------
     0 | D        | Chiseanne the Demonspawn Wanderer began the quest for the
                  | Orb.
     0 | D        | Chiseanne set off with the following items: a +2 dagger, 3
                  | curare-tipped darts, a scroll of teleportation, a +0 short
                  | sword, a +0 robe, a ration, a potion of curing, a potion of
                  | heal wounds, a potion of haste, 2 potions of magic, a
                  | potion of berserk rage, a scroll of blinking
     0 | D        | Reached XP level 1. HP: 18/18 MP: 1/1
     1 | D        | Noticed Ijyb
    10 | D        | Killed Ijyb
    10 | D        | Reached skill level 1 in Dodging
    10 | D        | Reached skill level 3 in Stealth
    10 | D        | Gained mutation: You are immune to rotting. [demonic
                  | ancestry]
    10 | D        | Reached XP level 2. HP: 14/25 MP: 2/2
   147 | D        | Noticed an ogre
   158 | D        | Killed an ogre
   158 | D        | Reached skill level 5 in Stealth
   158 | D        | Gained mutation: You may emit foul miasma when damaged in
                  | melee. [demonic ancestry]
   158 | D        | Reached XP level 3. HP: 31/31 MP: 3/3
   158 | D        | Gained mutation: You are partially covered in molten
                  | scales. (AC +2) [demonic ancestry]
   158 | D        | Reached XP level 4. HP: 38/38 MP: 4/4
   178 | D        | Noticed Sigmund
   201 | D        | Killed Sigmund
   201 | D        | Reached skill level 5 in Fighting
   201 | D        | Reached skill level 7 in Stealth
   201 | D        | Gained mutation: You frequently emit foul miasma when
                  | damaged in melee. [demonic ancestry]
   201 | D        | Reached XP level 5. HP: 30/46 MP: 5/5
   201 | D        | Reached XP level 6. HP: 34/52 MP: 6/6
   314 | D        | Found a shimmering blue altar of Sif Muna.
   315 | D        | Found an ornate altar of the Wu Jian Council.
   316 | D        | Found a radiant altar of Vehumet.
   350 | D        | Found Aleyxti's Gadget Emporium.
   350 | D        | Found an ancient bone altar of Kikubaaqudgha.
   350 | D        | Found a hazy altar of Hepliaklqana.
   350 | D        | Found a hide-covered altar of Uskayaw.
   350 | D        | Found a basalt altar of Yredelemnul.
   350 | D        | Found an opulent altar of Gozag.
   350 | D        | Found a snail-covered altar of Cheibriados.
   350 | D        | Found a sacrificial altar of Ru.
   350 | D        | Found a shadowy altar of Dithmenos.
   350 | D        | Noticed a yak
   351 | D        | Found a stormy altar of Qazlal.
   351 | D        | Found a blossoming altar of Fedhas.
   351 | D        | Found a bloodstained altar of Trog.
   351 | D        | Found an iron altar of Okawaru.
   351 | D        | Found a glowing golden altar of the Shining One.
   351 | D        | Found a glowing silver altar of Zin.
   351 | D        | Found a white marble altar of Elyvilon.
   356 | D        | Killed a yak
   356 | D        | Reached skill level 5 in Dodging
   356 | D        | Reached skill level 8 in Stealth
   357 | D        | Found a sparkling altar of Nemelex Xobeh.
   363 | D        | Became a worshipper of Fedhas Madash
   440 | D        | Killed a gargoyle
   529 | D        | Noticed Sonja
   551 | D        | Slain by Sonja

Illustrated notes

Levels and vault maps discovered:
D:        dungeon_sprint_1 [red_sonja_temple_1, red_sonja_temple_small_1]

Skill      XL: |  1  2  3  4  5  6 |
---------------+-------------------+-----
Throwing       | 3 4 6 7 |  7.6
Dodging        | 1 3 4 5 |  5.1
Stealth        | 3 5 7 8 |  8.2
Fighting       | 4 5 6 |  6.5
Polearms       | 2 |  2.2
Short Blades   | |  1.0
Shields        | |  1.0
Conjurations   | |  2.0
Hexes          | |  1.0

Action                   |  1- 3 |  4- 6 || total
-------------------------+-------+-------++-------
Melee: Dagger            |     6 |    10 ||    16
       Scythe            |       |     5 ||     5
Throw: Dart              |     6 |     9 ||    15
  Use: Potion            |       |     2 ||     2
 Stab: Sleeping          |       |     1 ||     1
Armor: Robe              |     1 |       ||     1
       Leather armour    |       |     3 ||     3
Dodge: Dodged            |     1 |    12 ||    13
